 Dungeon Crawl Stone Soup version 0.30-a0-1160-g6e42c06551 (webtiles) character file.

Game seed: 4543461290865744354

82 Arzdou the Sneak (level 4, -4/21 HPs)
             Began as a Spriggan Enchanter on Apr 25, 2023.
             Killed by divine providence
             ... invoked by an orc priest
              (13 damage)
             ... on level 4 of the Dungeon.
             The game lasted 00:05:04 (2402 turns).

Arzdou the Sneak (Spriggan Enchanter)               Turns: 2402, Time: 00:05:04

Health: -4/21      AC:  2    Str:  4    XL:     4   Next: 21%
Magic:  1/9        EV: 17    Int: 16    God:
Gold:   115        SH:  0    Dex: 17    Spells: 1/9 levels left

rFire   . . .        a - +2 dagger (elec)
rCold   . . .        (no shield)
rNeg    . . .        r - +0 robe
rPois   .            (helmet restricted)
rElec   .            (no cloak)
rCorr   .            (gloves unavailable)
SInv    +            (boots unavailable)
Will    .....        o - amulet of regeneration
Stlth   +++          (no ring)
HPRegen 1.03/turn    (no ring)
MPRegen 0.11/turn

%: no passive effects
@: very quick
A: very small, no large weapons, unfitting armour, see invisible, speed 3
a: no special abilities


You were on level 4 of the Dungeon.
You visited 1 branch of the dungeon, and saw 4 of its levels.

You collected 115 gold pieces.

Inventory:

Hand Weapons
 a - a +2 dagger of electrocution (weapon)
 b - a +0 sling
 d - a +1 dagger
Missiles
 f - a throwing net
Armour
 r - a +0 robe (worn)
Jewellery
 o - an amulet of regeneration (around neck)
Scrolls
 k - 2 scrolls of fear {unknown}
 l - a scroll of silence {unknown}
 m - a scroll of fog {unknown}
 n - 2 scrolls of identify {unknown}
 p - 2 scrolls of teleportation {unknown}
 q - a scroll of enchant weapon {unknown}
Potions
 c - 2 potions of invisibility
 e - 3 potions of curing {unknown}
 g - 2 potions of ambrosia {unknown}
 h - a potion of lignification {unknown}
 i - 2 potions of haste {unknown}
 j - a potion of cancellation {unknown}


   Skills:
 + Level 0.1 Fighting
 + Level 1.5 Short Blades
 + Level 2.9 Dodging
 * Level 5.8 Stealth
 + Level 3.2 Spellcasting
 * Level 4.5 Hexes
 + Level 0.3 Ice Magic


You had one spell level left.
You knew the following spells:

 Your Spells              Type           Power      Damage    Failure   Level
a - Ensorcelled Hibernat  Hex/Ice        20%        N/A       10%         2
b - Confusing Touch       Hex            17%        N/A       9%          3
c - Tukima's Dance        Hex            17%        N/A       9%          3

Your spell library contained the following spells:

 Spells                   Type           Power      Damage    Failure   Level
 Necrotise                Necr           8%         1d4       19%         1
 Dazzling Flash           Conj/Hex       18%        N/A       22%         3
 Vampiric Draining        Necr           2%         2d6       50%         3
 Agony                    Necr           2%         N/A       99%         5


Dungeon Overview and Level Annotations

Branches:
Dungeon (4/15)
 Temple: D:4-7

Altars:

Annotations:
D:3 Grinder, Sigmund, Terence


Innate Abilities, Weirdness & Mutations

You are very small and have problems with some larger weapons.
You are too small for most types of armour.
You have supernaturally acute eyesight. (SInv)
You cover ground extremely quickly. (Speed+++)


Message History

HP restored.
An orc comes into view. It is wielding a +0 whip.
The orc shouts!
The orc looks drowsy...
You hear a shout! x2
An orc comes into view. It is wielding a +0 club.
An orc priest comes into view. It is wielding a +0 hand axe.
The helpless orc fails to defend itself.
You impale the orc!! Lightning courses through the orc!
You kill the orc!
You don't have enough magic to cast this spell.
You barely miss the orc. The orc closely misses you.
You see here 7 stones.
You see here a viscous puce potion.
There is a stone staircase leading up here.
Found a club.
The orc looks drowsy...
The helpless orc fails to defend itself.
You impale the orc!!
You kill the orc!
You start resting.
An orc priest is nearby!
The orc priest shouts!
The orc priest resists with some effort.
You don't have enough magic to cast this spell.
Found a dazzling ring mail.
An adder comes into view.
You barely miss the orc priest. You closely miss the orc priest.
The orc priest calls down the wrath of Beogh upon you.
Pain shoots through your body!
You closely miss the orc priest.
The orc priest hits you with a +0 hand axe.
You are too injured to fight recklessly!
The orc priest misses you.
Found a stone staircase leading down.
The orc priest invokes the aid of Beogh against you.
Beogh smites you!
Ouch! That really hurt!
You die...

#............
#)...........
#######............
..####..................
.............S..........
#......(!<...........
#....)..o.........#....
#..............###...##
#.#......@....## ###
#............##
..##.........#
##.............. #
#..........##.#
#.[......... .
#..........#.
#....>.....###


You could see an orc priest and an adder.

Vanquished Creatures
  3 adders (D:2)
  3 orcs (D:4)
  4 ball pythons
  6 bats
  3 endoplasms
  2 giant cockroaches (D:2)
  8 goblins
  3 hobgoblins
  3 jackals (D:1)
  2 kobolds (D:2)
  2 quokkas
  A frilled lizard (D:2)
  7 rats
47 creatures vanquished.

Notes
Turn   | Place    | Note
-------+----------+-------------------------------------------
     0 | D:1      | Arzdou the Spriggan Enchanter began the quest for the Orb.
     0 | D:1      | Reached XP level 1. HP: 9/9 MP: 5/5
    10 | D:1      | You fall into a shaft and drop 1 floor!
   205 | D:1      | Reached XP level 2. HP: 10/13 MP: 6/6
   225 | D:1      | Learned a level 2 spell: Ensorcelled Hibernation
   741 | D:1      | Reached skill level 5 in Stealth
  1159 | D:2      | Reached XP level 3. HP: 16/16 MP: 4/8
  1647 | D:2      | Learned a level 3 spell: Confusing Touch
  1651 | D:2      | Learned a level 3 spell: Tukima's Dance
  1975 | D:2      | Reached XP level 4. HP: 21/21 MP: 4/9
  2302 | D:3      | Noticed Grinder
  2320 | D:3      | Noticed Sigmund
  2320 | D:3      | Noticed Terence
  2402 | D:4      | Killed from afar by an orc priest

Illustrated notes

Levels and vault maps discovered:
D:1:      dpeg_arrival_renting, layout_loops_ring, minmay_box_of_dots
D:2:      layout_basic, minmay_pentomino_s4
D:3:      layout_loops_cross, nicolae_ashenzari_panopticon, uniq_sigmund,
          uniq_crazy_yiuf_cottage, uniq_terence, uniq_grinder
D:4:      layout_rooms, nicolae_wu_jian_glorious_leap, uniq_eustachio, uniq_ijyb

Skill      XL: |  1  2 |
---------------+-------+-----
Hexes          | 4 |  4.5
Stealth        | 5 |  5.8
Spellcasting   | 3 |  3.2
Fighting       | |  0.1
Short Blades   | |  1.5
Dodging        | |  2.9
Ice Magic      | |  0.3

Action                     |  1- 3 |  4- 6 || total
---------------------------+-------+-------++-------
  Melee: Dagger            |    91 |    18 ||   109
         Punch             |     2 |       ||     2
   Cast: Ensorcelled Hiber |    26 |     8 ||    34
         Confusing Touch   |       |     1 ||     1
   Stab: Sleeping          |    27 |     5 ||    32
 Armour: Robe              |    17 |       ||    17
  Dodge: Dodged            |    70 |     9 ||    79

Table legend: (Time is in decaauts)
 A = Elapsed time spent in this place.
 B = Non-inter-level travel time spent in this place.
 C = Inter-level travel time spent in this place.
 D = Time resting spent in this place.
 E = Time spent auto-exploring this place.
 F = Levels seen in this place.
 G = Mean time per level.
                   A        B        C        D        E       F      G
               +--------+--------+--------+--------+--------+-----+--------+
         Total |   1762 |   1714 |     48 |     26 |   1314 |   4 |  440.5 |
       Dungeon |   1762 |   1714 |     48 |     26 |   1314 |   4 |  440.5 |
               +--------+--------+--------+--------+--------+-----+--------+

Top non-repeatable levels by time:
     D:1: 770 daAuts
     D:2: 769 daAuts
     D:3: 156 daAuts
     D:4: 65 daAuts
